 Dungeon Crawl Stone Soup version 0.20.0-10-g0535bb4 (webtiles) character file.

418 mastersavage the Skirmisher (level 6, 0/61 HPs)
             Began as a Troll Assassin on June 5, 2017.
             Was an Initiate of Dithmenos.
             Slain by an orc warrior
             ... wielding a +0 hand axe
              (12 damage)
             ... on level 4 of the Dungeon.
             The game lasted 00:27:16 (3802 turns).

mastersavage the Skirmisher (Troll Assassin)        Turns: 3802, Time: 00:27:16

Health: 0/61       AC:  6    Str: 20    XL:     6   Next: 61%
Magic:  5/5        EV: 10    Int:  8    God:    Dithmenos [......]
Gold:   234        SH:  0    Dex: 12    Spells: 5/5 levels left

rFire    . . .     SeeInvis .   a - +2 dagger
rCold    . . .     Gourm    +   (no shield)
rNeg     + . .     Faith    .   c - +0 robe
rPois    .         Spirit   .   (helmet restricted)
rElec    .         Reflect  .   d - +0 cloak
rCorr    .         Harm     .   (gloves unavailable)
MR       .....                  (boots unavailable)
Stlth    ++........             (no amulet)
Regen    0.6/turn               N - ring of positive energy {rN+}
MPRegen  0.1/turn               (no ring)

@: very slightly contaminated
A: unfitting armour, claws 3, fast metabolism 3, gourmand, regeneration 1,
shaggy fur 1, tough skin 2
a: Renounce Religion


You were on level 4 of the Dungeon.
You worshipped Dithmenos.
Dithmenos was noncommittal.
You were full.

You visited 1 branch of the dungeon, and saw 4 of its levels.

You collected 234 gold pieces.

Inventory:

Hand Weapons
 a - a +2 dagger (weapon)
 m - a +2 quarterstaff of chaos
 w - a +0 blowgun
Missiles
 e - 20 poisoned needles
 f - 2 curare-tipped needles
 x - 5 tomahawks
 Q - 123 stones (quivered)
Armour
 c - a +0 robe (worn)
 d - a +0 cloak (worn)
 p - a +0 cloak
Jewellery
 N - a ring of positive energy (left claw) {rN+}
Wands
 s - a wand of flame (16/48)
Scrolls
 b - 2 scrolls of remove curse {unknown}
 i - a scroll of random uselessness {unknown}
 n - 2 scrolls of enchant weapon {unknown}
 r - a scroll of magic mapping {unknown}
 y - a scroll of recharging {unknown}
Potions
 h - a potion of brilliance
Books
 v - a book of Maledictions
Comestibles
 g - 4 bread rations
 u - a royal jelly


   Skills:
 * Level 3.1 Fighting
 + Level 2.2 Short Blades
 * Level 3.0 Throwing
 * Level 2.8 Dodging
 * Level 3.1 Stealth


You had 5 spell levels left.
You didn't know any spells.

Dungeon Overview and Level Annotations

Branches:
Dungeon (4/15)             Temple (0/1) D:4

Altars:
Ashenzari
Dithmenos
Kikubaaqudgha


Innate Abilities, Weirdness & Mutations

You are too large for most types of armour.
You have claws for hands.
Your metabolism is lightning-fast.
You like to eat raw meat.
Your natural rate of healing is unusually fast.
You are covered in fur. (AC +1)
You have very tough skin. (AC +2)


Message History

You take 2 damage, and have 18/61 hp.
You hit the orc warrior. The orc warrior closely misses you.
You closely miss the orc warrior.
The orc warrior hits you with a hand axe!
* * * LOW HITPOINT WARNING * * *
You take 12 damage, and have 7/61 hp.
You hit the orc warrior.
You flicker for a moment.
You hit the orc warrior but do no damage.
You hit the orc warrior but do no damage.
The orc warrior hits you with a hand axe.
* * * LOW HITPOINT WARNING * * *
You take 5 damage, and have 4/61 hp.
You flicker back into view.
Okay, then.
The orc warrior hits you with a hand axe!
* * * LOW HITPOINT WARNING * * *
You take 11 damage, and have 5/61 hp.
The orc warrior hits you with a hand axe!
You die...

# #..... #.
##########......
#.###...............
#...................
#....o@............ .
#.##............# ..
##...............#
.###....##.....>......#
...###..#............#
#.. #..#............#
###.##..#)...........#
#...<................#
#.##.###'###.........#


You could see an orc warrior.

Vault maps used:
D:1:      minmay_arrival_hallway, hangedman_decor_points
D:2:      minitemple, first_bread, uniq_robin, uniq_crazy_yiuf_cottage,
          uniq_terence
D:3:      corexii_item_surrounded_by_moat
D:4:      temple_green, guppyfry_early_orc_mine

Notes
Turn   | Place    | Note
-------+----------+-------------------------------------------
     0 | D:1      | mastersavage the Troll Assassin began the quest for the Orb.
     0 | D:1      | Reached XP level 1. HP: 19/19 MP: 0/0
    82 | D:1      | Reached skill level 1 in Dodging
   238 | D:1      | Reached XP level 2. HP: 28/28 MP: 1/1
   621 | D:1      | You fall through a shaft!
   634 | D:2      | Noticed Robin
   697 | D:2      | Reached skill level 2 in Fighting
   705 | D:2      | Reached XP level 3. HP: 22/35 MP: 2/2
   717 | D:2      | HP: 8/35 [Robin/wand of flame (?/48) (8)]
   718 | D:2      | Identified 2 potions of might
   719 | D:2      | Identified 2 potions of lignification
   723 | D:2      | Killed Robin
   826 | D:2      | Reached XP level 4. HP: 42/42 MP: 3/3
   989 | D:2      | Noticed Terence
  1059 | D:2      | Identified a potion of heal wounds
  1062 | D:2      | Killed Terence
  1062 | D:2      | Reached skill level 2 in Throwing
  1062 | D:2      | Reached skill level 2 in Dodging
  1082 | D:2      | Found a runed door.
  1086 | D:2      | Noticed Crazy Yiuf
  1124 | D:2      | Killed Crazy Yiuf
  1124 | D:2      | Reached XP level 5. HP: 24/50 MP: 4/4
  1234 | D:2      | Identified a scroll of identify
  1234 | D:2      | Identified a +2 quarterstaff of chaos (You took it off Crazy Yiuf on level 2 of the Dungeon)
  1547 | D:2      | Found a shadowy altar of Dithmenos.
  1549 | D:2      | Found an ancient bone altar of Kikubaaqudgha.
  1551 | D:2      | Found a shattered altar of Ashenzari.
  1576 | D:2      | Became a worshipper of Dithmenos the Shadowed
  1577 | D:2      | Identified a +2 dagger
  2683 | D:3      | Identified a ring of positive energy (You found it on level 1 of the Dungeon)
  2802 | D:4      | Found a staircase to the Ecumenical Temple.
  2852 | D:4      | Reached skill level 2 in Short Blades
  2893 | D:4      | HP: 11/50 [worker ant (2)]
  2894 | D:4      | Reached XP level 6. HP: 13/59 MP: 5/5
  2898 | D:4      | HP: 9/59 [poisoned by a worker ant]
  2904 | D:4      | HP: 7/59 [poisoned by a worker ant]
  2909 | D:4      | HP: 6/59 [poisoned by a worker ant]
  2914 | D:4      | HP: 7/59 [poisoned by a worker ant]
  2919 | D:4      | HP: 8/59 [poisoned by a worker ant]
  2927 | D:4      | HP: 11/59 [poisoned by a worker ant]
  3038 | D:4      | Reached skill level 3 in Stealth
  3076 | D:4      | Noticed an orc warrior
  3092 | D:4      | Identified a potion of cancellation
  3093 | D:4      | Identified a potion of haste
  3094 | D:4      | Identified a potion of brilliance
  3094 | D:4      | HP: 14/59 [orc warrior/hand axe (15)]
  3095 | D:4      | Identified 2 potions of invisibility
  3106 | D:4      | HP: 10/59 [orc warrior/hand axe (7)]
  3111 | D:4      | HP: 8/59 [orc warrior/hand axe (4)]
  3258 | D:4      | HP: 12/59 [scorpion (5)]
  3259 | D:4      | Reached skill level 3 in Fighting
  3263 | D:4      | HP: 9/61 [poisoned by a scorpion]
  3268 | D:4      | HP: 8/61 [poisoned by a scorpion]
  3274 | D:4      | HP: 8/61 [poisoned by a scorpion]
  3279 | D:4      | HP: 9/61 [poisoned by a scorpion]
  3286 | D:4      | HP: 11/61 [poisoned by a scorpion]
  3294 | D:4      | HP: 14/61 [poisoned by a scorpion]
  3567 | D:4      | HP: 11/61 [scorpion (6)]
  3568 | D:4      | HP: 5/61 [scorpion (5)]
  3574 | D:4      | HP: 4/61 [poisoned by a scorpion]
  3579 | D:4      | HP: 4/61 [poisoned by a scorpion]
  3584 | D:4      | HP: 5/61 [poisoned by a scorpion]
  3591 | D:4      | HP: 7/61 [poisoned by a scorpion]
  3599 | D:4      | HP: 10/61 [poisoned by a scorpion]
  3645 | D:4      | Reached skill level 3 in Throwing
  3763 | D:4      | HP: 7/61 [orc warrior/hand axe (12)]
  3768 | D:4      | HP: 4/61 [orc warrior/hand axe (6)]
  3790 | D:4      | HP: 5/61 [orc warrior/hand axe (12)]
  3802 | D:4      | Identified a +0 hand axe
  3802 | D:4      | Slain by an orc warrior

Table legend:
 A = Turns spent in this place as a percentage of turns spent in the entire game.
 B = Non-inter-level travel turns spent in this place as a percentage of non-inter-level travel turns spent in the entire game.
 C = Inter-level travel turns spent in this place as a percentage of turns spent in this place.
 D = Turns resting spent in this place as a percentage of non-inter-level travel turns spent in this place.
 E = Turns spent auto-exploring this place as a percentage of non-inter-level travel turns spent in this place.
 F = Non-inter-level travel turns spent in this place divided by the number of levels of this place that you've seen.
                   A       B       C       D       E      F
               +-------+-------+-------+-------+-------+----------------------
         Total | 100.0 | 100.0 |   0.1 |   1.0 |   2.6 | 511.2
       Dungeon | 100.0 | 100.0 |   0.1 |   1.0 |   2.6 | 511.2
               +-------+-------+-------+-------+-------+----------------------

Table legend:
 A = Kills in this place as a percentage of kills in entire the game.
 B = Kills by you in this place as a percentage of kills by you in the entire game.
 C = Kills by friends in this place as a percentage of kills by friends in the entire game.
 D = Other kills in this place as a percentage of other kills in the entire game.
 E = Experience gained in this place as a percentage of experience gained in the entire game.
 F = Experience gained in this place divided by the number of levels of this place that you have seen.
                   A       B       C       D       E      F
               +-------+-------+-------+-------+-------+----------------------
         Total | 100.0 | 100.0 |  -nan |  -nan | 100.0 | 149.5
       Dungeon | 100.0 | 100.0 |  -nan |  -nan | 100.0 | 149.5
               +-------+-------+-------+-------+-------+----------------------

Skill      XL: |  1  2  3  4  5  6 |
---------------+-------------------+-----
Dodging        | 1 2 |  2.8
Fighting       | 2 3 |  3.1
Throwing       | 2 3 |  3.0
Short Blades   | 2 |  2.2
Stealth        | 3 |  3.1

Action                   |  1- 3 |  4- 6 || total
-------------------------+-------+-------++-------
Melee: Dagger            |   107 |   371 ||   478
       Quarterstaff      |       |    23 ||    23
  Use: Potion            |     2 |     9 ||    11
       Scroll            |       |     2 ||     2
 Stab: Sleeping          |     1 |     1 ||     2
       Invisible         |       |     3 ||     3
  Eat: Chunk             |     6 |    20 ||    26
       Bread ration      |     1 |       ||     1
       Meat ration       |       |     1 ||     1
       Fruit             |       |     1 ||     1
Armor: Robe              |    56 |    83 ||   139
       Skin              |    10 |     2 ||    12
Dodge: Dodged            |    75 |   171 ||   246

Vanquished Creatures
  2 scorpions (D:4)
  An orc priest (D:3)
  Crazy Yiuf (D:2)
  A bullfrog skeleton (D:4)
  Terence (D:2)
  2 worker ants (D:4)
  Robin (D:2)
  6 adders
  2 worms (D:2)
  A dart slug (D:2)
  6 leopard geckos
  4 orcs
  3 giant cockroaches
  11 goblins
  10 hobgoblins
  4 jackals (D:2)
  9 kobolds
  3 quokkas
  5 bats
  5 frilled lizards
  5 rats
83 creatures vanquished.
